 Dungeon Crawl Stone Soup version 0.30-a0-54-g2e61a25929 (webtiles) character file.

Game seed: 14014983954733722303

19 ytrimaz the Chopper (level 2, -2/23 HPs)
             Began as a Demonspawn Gladiator on Sept 7, 2022.
             Slain by an adder (3 damage)
             ... on level 2 of the Dungeon.
             The game lasted 00:01:10 (1126 turns).

ytrimaz the Chopper (Demonspawn Gladiator)          Turns: 1126, Time: 00:01:10

Health: -2/23      AC:  4    Str: 14    XL:     2   Next: 55%
Magic:  2/2        EV: 12    Int:  9    God:
Gold:   48         SH:  0    Dex: 14    Spells: 1/1 levels left

rFire   . . .      SeeInvis .    a - +1 war axe
rCold   . . .      Faith    .    (no shield)
rNeg    . . .      Spirit   .    b - +0 leather armour
rPois   .          Reflect  .    c - +0 helmet
rElec   .          Harm     .    (no cloak)
rCorr   .          Rampage  .    (no gloves)
Will    .....                    (no boots)
Stlth   +.........               (no amulet)
HPRegen 0.07/turn                (no ring)
MPRegen 0.08/turn                (no ring)

@: no status effects
A: powered by pain 1
a: no special abilities


You were on level 2 of the Dungeon.
You visited 1 branch of the dungeon, and saw 2 of its levels.

You collected 48 gold pieces.


Innate Abilities, Weirdness & Mutations

You sometimes gain a little power by taking damage.


   Skills:
 + Level 2.4 Fighting
 + Level 3.0 Axes
 - Level 2.1 Throwing
 - Level 2.6 Dodging


You had one spell level left.
You didn't know any spells.
Your spell library was empty.

Inventory:

Hand Weapons
 a - a +1 war axe (weapon)
Missiles
 d - 3 throwing nets (quivered)
 e - a javelin
Armour
 b - a +0 leather armour (worn)
 c - a +0 helmet (worn)
Scrolls
 i - a scroll of enchant weapon
 l - a scroll of fear
Potions
 f - a potion of degeneration {unknown}
 j - 2 potions of ambrosia {unknown}
 m - a potion of mutation {unknown}
 n - a potion of cancellation {unknown}

Dungeon Overview and Level Annotations

Branches:
Dungeon (2/15) Zot: 10855

Altars:

#^....#..#####
#.............
#......####..#
#......## ##..
#.......#####.
#####
#.....#...###.
#...#
#.##.####.....
#.S.# #.##.#
######
####..@###.##.#
#..........##.#
#.##...######.#
#...# #.# #...#
#.# #...# ###..
... #.


You could see an adder.


Message History

😎 HP[+2]
Your hp is fully restored (23).
There is an open door here.
You open the door.
There is an open door here.
You open the door.
There is an open door here.
There is an open door here.
Key pressed, stopping explore.
Unknown command.
There is an open door here.
You open the door.
There is an open door here.
There is an open door here.
Things that are here:
a +0 club; a goblin corpse
There is an open door here.
Key pressed, stopping explore.
You open the door.
There is an open door here.
You open the door.
There is an open door here.
You open the door.
There is an open door here.
You open the door.
There is an open door here.
You open the door.
There is an open door here.
There is an open door here.
Done exploring.
Done exploring.
There is an open door here.
There is an open door here.
You open the door.
There is an open door here.
There is an open door here.
There is a stone staircase leading down here.
You climb downwards.
There is a stone staircase leading up here.
There is a stone staircase leading up here.
Found a stone staircase leading down.
An adder comes into view.
An adder is nearby!
An adder is nearby!
The helpless adder fails to defend itself.
You hit the adder. The adder barely misses you. The adder misses you.
An adder is nearby!
You barely miss the adder. The adder misses you. The adder barely misses you.
You closely miss the adder. The adder bites you.
You are poisoned.
The adder poisons you! The adder bites you. 😕 HP[-3]
You take 3 damage, and now have 20/23 hp.
You hit the adder.
You feel sick.
The adder closely misses you. x2 😕 HP[-2]
You take 2 damage, and now have 18/23 hp.
You barely miss the adder.
You feel sick. The adder closely misses you. 😮 HP[-1]
You take 1 damage, and now have 17/23 hp.
Unknown command.
You completely miss the adder.
You feel sick.
You are no longer poisoned.
The adder bites you.
The adder bites you but does no damage. 😮 HP[-3]
You take 3 damage, and now have 14/23 hp.
Unknown command.
You hit the adder. The adder bites you.
You are poisoned.
The adder poisons you! The adder barely misses you.
You miss the adder.
You feel sick. The adder bites you.
* * * LOW HITPOINT WARNING * * *
The adder barely misses you. 😨 HP[-3]
You take 3 damage, and now have 11/23 hp.
Unknown command.
You closely miss the adder.
You feel sick.
The adder bites you but does no damage. 😨 HP[-1]
You take 1 damage, and now have 10/23 hp.
You miss the adder.
You feel sick.
The adder closely misses you. x2 😨 HP[-2]
You take 2 damage, and now have 8/23 hp.
Unknown command.
You closely miss the adder.
You feel sick.
You are no longer poisoned.
The adder bites you.
* * * LOW HITPOINT WARNING * * *
The adder closely misses you. 😱 HP[-3]
You take 3 damage, and now have 5/23 hp.
You miss the adder. The adder bites you but does no damage.
The adder bites you.
* * * LOW HITPOINT WARNING * * *
😱 HP[-4]
You take 4 damage, and now have 1/23 hp.
Unknown command.
You closely miss the adder. The adder barely misses you.
Unknown command.
It was a potion of magic.
Magic courses through your body. The adder bites you.
You die...

Skill      XL: |  1  2 |
---------------+-------+-----
Throwing       | 2 |  2.1
Axes           | 3 |  3.0
Fighting       | |  2.4
Dodging        | |  2.6

Action                   || total
-------------------------++-------
Melee: War axe           ||    49
       Punch             ||     3
  Use: Scroll            ||     3
       Potion            ||     1
 Stab: Sleeping          ||     1
Armor: Leather armour    ||    23
Dodge: Dodged            ||    56

Levels and vault maps discovered:
D:1:      erik_arrival_triangle_medium, layout_basic,
          amcnicky_mini_rare_corridor_liquid, nicolae_hexahallways,
          minmay_misc_feat_alley, roderic_roman_lattice, st_stairs_1
D:2:      layout_basic, hellmonk_ecumenical_altar_arch_garden

Notes
Turn   | Place    | Note
-------+----------+-------------------------------------------
     0 | D:1      | ytrimaz the Demonspawn Gladiator began the quest for the
                  | Orb.
     0 | D:1      | Reached XP level 1. HP: 16/16 MP: 1/1
     0 | D:1      | magus.rc [v1.9.6]
   265 | D:1      | Reached skill level 2 in Throwing
   269 | D:1      | Gained mutation: You sometimes gain a little power by
                  | taking damage. [demonic ancestry]
   269 | D:1      | Reached XP level 2. HP: 14/22 MP: 2/2
   506 | D:1      | Reached skill level 3 in Axes
  1123 | D:2      | HP: 5/23 [adder (2)]
  1124 | D:2      | HP: 1/23 [adder (4)]
  1126 | D:2      | Slain by an adder

Vanquished Creatures
  A ball python (D:1)
  3 endoplasms (D:1)
  2 goblins (D:1)
  A hobgoblin (D:1)
  A kobold (D:1)
  3 quokkas (D:1)
  3 bats (D:1)
  2 frilled lizards (D:1)
  A rat (D:1)
17 creatures vanquished.

Table legend:
 A = Non-vault XP
 B = Vault XP
 C = Vault XP percentage of total XP
 D = Non-vault monster count
 E = Vault monster count
 F = Vault count percentage of total count
                 A         B        C        D         E       F
            +---------+---------+-------+---------+---------+-------
      Total |      25 |       3 |  10.7 |      15 |       2 |  11.8
            +---------+---------+-------+---------+---------+-------
        D:1 |      25 |       3 |  10.7 |      15 |       2 |  11.8
            +---------+---------+-------+---------+---------+-------

Illustrated notes

Table legend:
 A = Kills in this place as a percentage of kills in entire the game.
 B = Kills by you in this place as a percentage of kills by you in the entire game.
 C = Kills by friends in this place as a percentage of kills by friends in the entire game.
 D = Other kills in this place as a percentage of other kills in the entire game.
 E = Experience gained in this place as a percentage of experience gained in the entire game.
 F = Experience gained in this place divided by the number of levels of this place that you have seen.
                   A       B       C       D       E      F
               +-------+-------+-------+-------+-------+----------------------
         Total | 100.0 | 100.0 |   N/A |   N/A | 100.0 |  14.0
       Dungeon | 100.0 | 100.0 |   N/A |   N/A | 100.0 |  14.0
               +-------+-------+-------+-------+-------+----------------------

Table legend: (Time is in decaauts)
 A = Elapsed time spent in this place.
 B = Non-inter-level travel time spent in this place.
 C = Inter-level travel time spent in this place.
 D = Time resting spent in this place.
 E = Time spent auto-exploring this place.
 F = Levels seen in this place.
 G = Mean time per level.
                   A        B        C        D        E       F      G
               +--------+--------+--------+--------+--------+-----+--------+
         Total |   1143 |   1095 |     48 |     50 |    886 |   2 |  571.5 |
       Dungeon |   1143 |   1095 |     48 |     50 |    886 |   2 |  571.5 |
               +--------+--------+--------+--------+--------+-----+--------+

Top non-repeatable levels by time:
     D:1: 1086 daAuts
     D:2: 56 daAuts
